 Dungeon Crawl Stone Soup version 0.18-a0-1745-gffa9a88 (webtiles) character file.

233 inmateoo the Skirmisher (level 5, 0/47 HPs)
             Began as a Minotaur Necromancer on Apr 12, 2016.
             Succumbed to a worker ant's poison
             ... on level 4 of the Dungeon.
             The game lasted 00:04:34 (3605 turns).

inmateoo the Skirmisher (Minotaur Necromancer)      Turns: 3605, Time: 00:04:35

Health: 0/47       AC: 14    Str: 11 (13) XL:     5   Next: 74%
Magic:  6/6        EV:  3    Int:  9 (12) God:
Gold:   53         SH:  0    Dex: 10 (11) Spells: 1 memorised, 5 levels left

rFire  . . .     SeeInvis .     d - +0 mace
rCold  . . .     Gourm    .     o - +0 plate armour
rNeg   . . .     Faith    .     (no shield)
rPois  .         Spirit   .     (helmet restricted)
rElec  .         Dismiss  .     i - +0 cloak
rCorr  .         Reflect  .     l - +0 pair of gloves
SustAt .         Harm     .     (no boots)
MR     .....                    (no amulet)
Stlth  ..........               (no ring)
                                f - ring of stealth

@: lethally poisoned (0 -> -1), very slightly contaminated, invisible
(expiring), not resistant to hostile enchantments, extremely unstealthy
A: retaliatory headbutt, horns 2
a: no special abilities


You were on level 4 of the Dungeon.
You were hungry.

You visited 1 branch of the dungeon, and saw 4 of its levels.

You collected 53 gold pieces.

Inventory:

Hand Weapons
 d - a +0 mace (weapon)
Armour
 i - a +0 cloak (worn)
 l - a +0 pair of gloves (worn)
 o - a +0 plate armour (worn)
Jewellery
 f - a ring of stealth (left hand)
Scrolls
 h - 2 scrolls of identify
 m - a scroll of recharging
 p - a scroll of enchant armour
Potions
 e - a potion of cure mutation
Books
 b - a book of Necromancy

   Spells                             Type                      Level
   a - Pain                           Necromancy                   1
   b - Animate Skeleton               Necromancy                   1
   c - Vampiric Draining              Necromancy                   3
   d - Regeneration                   Charms/Necromancy            3
   e - Animate Dead                   Necromancy                   4
   f - Control Undead                 Necromancy                   4
Comestibles
 c - 4 bread rations
 g - a fruit


   Skills:
 + Level 4.9 Fighting
 + Level 4.4 Armour
 - Level 2.1 Dodging
 - Level 1.5 Stealth
 - Level 1.3 Spellcasting
 - Level 2.9 Necromancy


You had 5 spell levels left.
You knew the following spells:

 Your Spells              Type           Power        Failure   Level  Hunger
a - Pain                  Necr           #...         100%        1    ##.....


Dungeon Overview and Level Annotations

Branches:
Dungeon (4/15)
 Temple: D:4-7

Altars:
Ashenzari
Kikubaaqudgha
Trog
Xom

Annotations:
D:4 Dowan, Duvessa


Innate Abilities, Weirdness & Mutations

You reflexively headbutt those who attack you in melee.
You have a pair of horns on your head.


Message History

You feel sick.
You open the door.
You are feeling hungry.
* * * LOW HITPOINT WARNING * * *
You feel sick.
Found a stone staircase leading down.
There is an open door here.
* * * LOW HITPOINT WARNING * * *
You feel sick.
Found 20 stones.
* * * LOW HITPOINT WARNING * * *
You feel sick.
Found a scale mail.
Found 6 gold pieces.
You flicker for a moment.
* * * LOW HITPOINT WARNING * * *
You feel sick.
You see here 6 gold pieces.
You now have 53 gold pieces (gained 6).
You die...

#.#.......## #####
#>.......... ...
###...#### ## #### #.#
###.# .. #...#
######.#### .#######...#
#......(...# .##........#
#.......##.# .##........#
#.......##.##.##........#
#.......##..@.##........#
##.[....########........#
#.####.# ####'#...# #.
#.# #.#e..### #.
#.#.....# #e##....#
#.##....# #..#....#
##ยง#....#


There were no monsters in sight!

Vanquished Creatures
  2 orc wizards (D:4)
  An iguana (D:4)
  A worker ant (D:4)
  A gnoll (D:1)
  3 adders
  2 worms (D:2)
  2 giant geckos (D:3)
  2 orcs
  5 bats
  4 giant cockroaches
  7 goblins
  9 hobgoblins
  10 jackals
  A quokka (D:3)
  A ball python (D:4)
  2 giant newts
  8 kobolds
  5 rats
66 creatures vanquished.

Vanquished Creatures (others)
  A worker ant (D:4)
1 creature vanquished.

Grand Total: 67 creatures vanquished

Notes
Turn   | Place    | Note
--------------------------------------------------------------
     0 | D:1      | inmateoo the Minotaur Necromancer began the quest for the Orb.
     0 | D:1      | Reached XP level 1. HP: 14/14 MP: 1/1
   124 | D:1      | Reached skill level 1 in Fighting
   214 | D:1      | Reached XP level 2. HP: 24/24 MP: 3/3
   440 | D:1      | Reached skill level 1 in Armour
   630 | D:1      | Reached XP level 3. HP: 13/30 MP: 4/4
  1507 | D:2      | Reached XP level 4. HP: 31/38 MP: 5/5
  2094 | D:3      | Found a bloodstained altar of Trog.
  2284 | D:3      | Found an ancient bone altar of Kikubaaqudgha.
  2534 | D:3      | Found a shimmering altar of Xom.
  2535 | D:3      | Found a shattered altar of Ashenzari.
  3053 | D:4      | Noticed Duvessa
  3054 | D:4      | Noticed Dowan
  3522 | D:4      | Reached XP level 5. HP: 36/46 MP: 6/6
  3591 | D:4      | HP: 2/47 [poisoned by a worker ant]
  3597 | D:4      | HP: 1/47 [poisoned by a worker ant]
  3605 | D:4      | Succumbed to a worker ant's poison

Vault maps used:
D:1:      minmay_arrival_loop
D:2:      nrook_uturn
D:3:      kiku_gazebo_garden_becter, gammafunk_temple_overflow_pools,
          first_bread, trog_book
D:4:      lemuel_doored_altar, led_sif_book, serial_shops,
          kennysheep_little_box, uniq_duvessa, uniq_pikel

Skill      XL: |  1  2  3  4  5 |
---------------+----------------+-----
Fighting       | 2 3 4 |  4.9
Armour         | 2 3 4 |  4.4
Dodging        | |  2.1
Stealth        | |  1.5
Spellcasting   | |  1.3
Necromancy     | |  2.9

Action                   |  1- 3 |  4- 6 || total
-------------------------+-------+-------++-------
Melee: Mace              |    57 |   140 ||   197
       Short sword       |   118 |       ||   118
  Use: Scroll            |     4 |     3 ||     7
       Potion            |       |     4 ||     4
 Stab: Sleeping          |     2 |       ||     2
       Distracted        |     1 |       ||     1
       Invisible         |       |     2 ||     2
  Eat: Chunk             |     2 |     6 ||     8
       Fruit             |       |     1 ||     1
